AoeStats
← k1ng

Arabia

510413349Analyzed
1v1 RM · 2d ago on Sep 30, 2026· 36m 22s· 2 players
Game mode
Random Map
Map size
Tiny (2 player)
Population
200
Speed
Normal
Resources
Standard
Victory
Conquest
Starting age
Dark Age
Ending age
Imperial Age
RankedLock teamsTeams togetherTeam positionsShared explorationLock speedFull tech treeHidden civsTurbo modeCheats
Victory
Defeat
🇺🇸 Jurchens · United States
1215
+15
🇦🇷 Maya · Argentina
1189
-15
k1ng
2:28 Loom
5:32 Loom
6:29 Loom
9:05 Feudal Age
10:08 Double-Bit Axe
16:14 Arson
17:26 Forging
18:16 Horse Collar
27:34 Castle Age
26:44 Scale Mail Armor
28:16 Pikeman
35:03 Bow Saw
General Ganja
5:58 Loom
8:58 Feudal Age
11:11 Double-Bit Axe
17:54 Scale Barding Armor
22:25 Castle Age
26:09 Bloodlines
26:21 Chain Barding Armor
29:50 Horse Collar
Connection lost

Rejoining the realm…

Still unreachable

The connection could not be restored.

Session expired

The server has moved on; the page needs a fresh start.